 Dungeon Crawl Stone Soup version 0.18-a0-1542-g9c1a92e (webtiles) character file.

644092 GrosslyIncandescent the Sensei (level 27, -5/228 (231) HPs)
             Began as a Mummy Monk on Mar 9, 2016.
             Killed from afar by a black draconian (14 damage)
             ... with a bolt of lightning
             ... on level 3 of the Realm of Zot on Mar 10, 2016.
             The game lasted 08:45:24 (153596 turns).

GrosslyIncandescent the Sensei (Mummy Monk)       Turns: 153596, Time: 08:45:24

HP:   -5/228 (231)  AC:  9    Str: 29      XL:     27
MP:   21/21         EV: 42    Int:  9 (10) God:
Gold: 6364          SH: 17    Dex: 29      Spells: 0 memorised, 26 levels left

rFire  + + .     SeeInvis +       - Unarmed
rCold  + . .     Gourm    .     (no armour)
rNeg   + + +     Faith    .     b - +1 shield {reflect} {Proper MuMo shield thanks Donald}
rPois  ∞         Spirit   .     g - +2 helmet {SInv}
rElec  .         Dismiss  .     L - +1 cloak "Tukhlab" {Str+6 Int+2 Dex+2, Acceptable}
rCorr  .         Reflect  +     R - +0 pair of gloves of the Pleiades {Str+8 Dex+2, -2 AC for a stat boost}
SustAt .         Harm     .     w - +2 pair of boots
MR     +++..                    O - amulet of regeneration {The Healthiest}
Stlth  +++++++...               P - +5 ring of evasion
                                m - ring of Dim Light {*Contam rPois rF+++ Int-3 Stlth+, I don't want to take you off}

@: very slightly contaminated, extremely resistant to hostile enchantments,
extremely stealthy
A: no food or potions, fire vulnerability, cold resistance 1, negative energy
resistance 3, torment resistance, unbreathing, in touch with death 2, restore
body
a: Self-Restoration
}: 3/15 runes: decaying, abyssal, gossamer


You were on level 3 of the Realm of Zot.
You were not hungry.

You visited 11 branches of the dungeon, and saw 53 of its levels.
You visited the Abyss 4 times.
You visited 1 bazaar.
You also visited: Labyrinth, Trove and Ice Cave.

You collected 8288 gold pieces.
You spent 1924 gold pieces at shops.


Innate Abilities, Weirdness & Mutations

You do not eat or drink.
Your flesh is vulnerable to fire.
You are immune to poison.
Your flesh is cold resistant.
You are immune to negative energy.
You are immune to unholy pain and torment.
You can survive without breathing.
You are strongly in touch with the powers of death.
You can restore your body by infusing magical energy.


   Skills:
 - Level 22.0 Fighting
 + Level 22.3 Dodging
 - Level 13.0 Stealth
 - Level 15.0 Shields
 - Level 23.0 Unarmed Combat


You had 26 spell levels left.
You didn't know any spells.

Inventory:

Hand Weapons
 n - a +1 scythe of venom {GG no re, Freud}
 z - a +0 short sword of draining {Not distortion}
 B - the +10 dagger of Eternal Vigilance {freeze, *Corrode rElec rF+ Dex+4, Minty fresh minotaur loot}

   It has been specially enchanted to freeze those struck by it, causing extra
   injury to most foes and up to half again as much damage against particularly
   susceptible opponents.
   It can also slow down cold-blooded creatures.
   It affects your dexterity (+4).
   It protects you from fire.
   It insulates you from electricity.
   It may corrode your equipment when you take damage.
 E - a +2 antimagic double sword {Not Joteko}
 Q - a +0 scimitar of flaming {Azrael's toothpick}
Missiles
 d - 98 large rocks (quivered) {=f Witty ruk quote}
Armour
 b - a +1 shield of reflection (worn) {Proper MuMo shield thanks Donald}
 g - a +2 helmet of see invisible (worn)
 l - a +1 animal skin {erssggf}
 w - a +2 pair of boots (worn)
 J - a +1 robe of magic resistance {Boris' pantaloons}
 L - the +1 cloak "Tukhlab" (worn) {Str+6 Int+2 Dex+2, Acceptable}

   It affects your strength (+6).
   It affects your intelligence (+2).
   It affects your dexterity (+2).
 R - the +0 pair of gloves of the Pleiades (worn) {Str+8 Dex+2, -2 AC for a stat boost}

   It affects your strength (+8).
   It affects your dexterity (+2).
 T - a +2 shield of fire resistance {Last bastion against OOF}
Magical Staves
 u - an uncursed staff of poison {Arachne's walking stick}
 D - an uncursed staff of earth {Jorgun's walking stick}
Jewellery
 m - the ring of Dim Light (left hand) {*Contam rPois rF+++ Int-3 Stlth+, I don't want to take you off}

   [ring of intelligence]

   It affects your intelligence (-3).
   It renders you almost immune to fire.
   It protects you from poison.
   It causes magical contamination when unequipped.
   It makes you more stealthy.
 o - an uncursed ring of protection from cold
 y - an uncursed ring of positive energy
 I - an uncursed ring of sustain attributes
 N - a +4 ring of protection
 O - an amulet of regeneration (around neck) {The Healthiest}
 P - a +5 ring of evasion (right hand)
 S - the ring "Uffugos" {Fire *Confuse rElec Stlth+}

   [ring of fire]

   It enhances your fire magic, and weakens your ice magic.
   It protects you from fire.
   It makes you vulnerable to cold.
   It insulates you from electricity.
   It may confuse you when you take damage.
   It makes you more stealthy.
 Z - the ring of the Mage {Wiz MR++ Int+3, ELVEN FILTH}

   [ring of wizardry]

   It improves your spell success rate.
   It affects your intelligence (+3).
   It affects your resistance to hostile enchantments.
Scrolls
 a - 6 scrolls of noise {!r}
 e - 4 scrolls of immolation {!r}
 f - 13 scrolls of fear {!r}
 h - a scroll of holy word {!r}
 i - 28 scrolls of remove curse
 k - 13 scrolls of identify {@r1}
 r - 10 scrolls of recharging
 s - 2 scrolls of fog {!r}
 t - 3 scrolls of blinking {!r}
 x - 5 scrolls of magic mapping {!r}
 A - 10 scrolls of teleportation {!r}
 H - 2 scrolls of vulnerability {!r}
 K - 3 scrolls of summoning {!r}
 M - 2 scrolls of silence {!r}
 U - 2 scrolls of immolation {!r V:$ party starter}
 V - 3 scrolls of torment {!r TRJ fodder}
 W - 9 scrolls of random uselessness
 X - a scroll of holy word {!r only use in extreme danger}
Books
 Y - a book of the Earth {Roxanne's last will}

   Spells                             Type                      Level
   a - Leda's Liquefaction            Hexes/Earth                  4
   b - Bolt of Magma                  Conjuration/Fire/Earth       5
   c - Statue Form                    Transmutation/Earth          6
   d - Iron Shot                      Conjuration/Earth            6
   e - Shatter                        Earth                        9
Comestibles
 c - 13 royal jellies {Joy of the beekeeper}

Dungeon Overview and Level Annotations

Branches:
Dungeon (15/15)            Temple (0/1) D:4            Lair (8/8) D:9
  Swamp (4/4) Lair:4       Spider (4/4) Lair:3        Slime (0/6) Lair:8
    Orc (2/2) D:11            Elf (3/3) Orc:2        Vaults (4/5) D:13
  Crypt (3/3) Vaults:3       Tomb (2/3) Crypt:3      Depths (5/5) D:15
    Zot (3/5) Depths:5

Altars:
Ashenzari
Cheibriados
Kikubaaqudgha
Nemelex Xobeh
Qazlal
Sif Muna
Zin
The Shining One
Beogh
Jiyva
Lugonu

Shops:
D:10 :   D:13 (   D:15 :   Orc:1 %   Orc:2 *?=(}=   Elf:1 %   Vaults:3 }*%
Vaults:4 (

Portals:
Hell: Depths:1 Depths:2 Depths:3 Depths:4 Depths:5
Abyss: Depths:4
Pandemonium: Depths:3 Depths:5
Ziggurat: Depths:3

Annotations:
D:2 Cold storage wight
D:8 exclusion: 3 slaves
Lair:3 exclusions: downstairs and 15 more exclusions
Lair:7 19 exclusions
Swamp:1 ANNIHILATED
Spider:1 !Completed!
Spider:2 exclusion: upstairs
Spider:3 exclusions: downstairs, spark wasp and 15 more exclusions
Elf:2 9 runed doors
Elf:3 CLEANSED
Vaults:1 exclusion: downstairs
Vaults:2 exclusion: downstairs
Vaults:3 exclusions: 2 downstairs and 6 more exclusions
Vaults:4 !king chocobo, Mara, Sojobo
Vaults:5 ! NO
Tomb:1 exclusion: downstairs
Tomb:2 !LATER., Khufu
Zot:2 exclusion: 2 downstairs

▒▒▒..........▒▒d).▒
▒▒.......▒▒▒▒..qXd.▒▒ ▒▒
)....▒.X...▒..▒X▒▒qd▒▒..▒
.....▒...▒...†▒▒.▒.......
▒........▒▒.d..d.........
▒............d▒▒▒....▒▒..
▒..▒▒.......▒q▒▒▒d▒..▒ .
...▒▒...X▒....dd..▒▒▒....
.. ▒.........▒▒M▒▒.▒
..... .
▒....#..▒....▒.▒..▒ ....
▒.....(..▒..▒▒d▒▒.... ..
............dd ..... .
.▒▒........>▒▒. ..▒▒...
▒.....▒....▒ ..... ▒..
.......▒..d. .... ..
.▒.......... ... .▒ ..▒ .


You could see a black draconian, a purple draconian, 2 draconians, a white
draconian and a red draconian shifter.


Message History

As you read the scroll of blinking {!!.r}, it crumbles to dust!
Read which item? (? for menu, Esc to quit)
Really read
f - 14 scrolls of fear {!!.r}?
As you read the scroll of fear {!!.r}, it crumbles to dust!
You assume a fearsome visage!
The tentacled monstrosity is unaffected!
The black draconian resists with some effort!
The purple draconian resists with almost no effort!
The yellow draconian shifter looks frightened!!!
The white draconian monk looks frightened!!!
The yellow draconian looks frightened!!!
The purple draconian roars!!!
The purple draconian breathes dispelling energy at you!
Your +1 shield of reflection {Proper MuMo shield thanks Donald} reflects the bolt of dispelling energy!!!
The bolt of dispelling energy hits the purple draconian!
The yellow draconian shifter blinks!!!
The black draconian breathes lightning at you!
The bolt of lightning misses you! x2
The yellow draconian shifter blinks!!!
The purple draconian misses you!
The red draconian roars!!!
The white draconian roars!!!
You beat the black draconian into a bloody pulp!!!
The black draconian is lightly wounded!
You block the purple draconian's attack!
The purple draconian completely misses you!
The black draconian breathes lightning at you!
The bolt of lightning hits you!!! * * * don't die
* * * The bolt of lightning hits you!!! rip

Action                   |  1- 3 |  4- 6 |  7- 9 | 10-12 | 13-15 | 16-18 | 19-21 | 22-24 | 25-27 || total
-------------------------+-------+-------+-------+-------+-------+-------+-------+-------+-------++-------
Melee: Unarmed           |   121 |   379 |   701 |  1332 |  3068 |  2780 |  2683 |  2781 |  2902 || 16747
 Abil: Self-Restoration  |       |       |       |       |       |       |       |       |     2 ||     2
  Use: Scroll            |       |       |    16 |       |    12 |    13 |    19 |     6 |    25 ||    91
 Stab: Sleeping          |     5 |     6 |     5 |    12 |    36 |     4 |    36 |    14 |    38 ||   156
       Distracted        |       |       |     1 |     4 |    13 |    10 |    17 |    10 |    25 ||    80
       Petrified         |       |       |       |       |     7 |       |       |       |       ||     7
       Petrifying        |       |       |       |       |     1 |       |       |       |       ||     1

Vault maps used:
D:1:      dpeg_arrival_tiny_c, minmay_misc_feat_room, grunt_decor_clamped
D:2:      uniq_natasha
D:3:      kennysheep_vampire_church, kennysheep_nondescript,
          minmay_divided_ellipse, uniq_robin
D:4:      temple_hall, first_bread
D:5:      black_bear_nest_2, small_statue_intersection, grunt_ministairs_1
D:6:      lemuel_doored_altar, nicolae_overflow_hidden_temple, uniq_sigmund
D:8:      david_nohive_1, uniq_pikel
D:9:      marbit_many_paths, lair_0_dummy, uniq_prince_ribbit1, uniq_gastronok
D:10:     serial_shops, shop_statue, enter_trove_2
D:11:     minmay_orc_entry_temple_small
D:12:     lemuel_slime, lab_entry_generic
D:13:     hangedman_vaults_entry_quadrant_bands, serial_shops,
          kennysheep_mini_moat, kennysheep_generic_room_10
D:14:     nicolae_tso_carved_into_rock, st_stairs_3, lemuel_blue_sif_altar,
          uniq_azrael
D:15:     gammafunk_enter_depths_forms, minmay_door_square, serial_shops, shop,
          portal_ice_cave_entry_animals_and_master
Lair:1:   nicolae_volcano_entry_lava_flow, serial_bayou_shore_a
Lair:2:   uniq_sonja
Lair:3:   nicolae_spider_entry_non_spiders, lemuel_fruit_fields
Lair:4:   minmay_swamp_entry_swarm, grunt_megastairs_3
Lair:6:   boulder_quad_collide, wad_woods_river_01
Lair:7:   serial_forest, infiniplex_forest_lined_corner,
          infiniplex_forest_clump_C, infiniplex_forest_straight_3,
          infiniplex_forest_end_3, infiniplex_forest_lined_4_way,
          infiniplex_forest_lined_2, infiniplex_forest_lined_4_way,
          infiniplex_forest_straight_3, infiniplex_forest_straight_3,
          lemuel_centaur_altar
Lair:8:   due_jungle_book, slime_altar_1, st_stairs_13
Swamp:1:  hangedman_swamp_ruin_wall
Swamp:2:  evilmike_swamp_ruin_house_1
Swamp:3:  evilmike_swamp_ruin_house_6
Swamp:4:  swamp, swamp_pool4
Spider:1: spider_trap
Spider:2: mumra_spider_spiderweb, uniq_arachne, uniq_wiglaf
Spider:4: floodkiller_spider_rune_tomb, spider_trap, guppyfry_wasp_nest
Orc:1:    serial_shops, shop, mines2_lemuel
Orc:2:    st_orc_town, serial_shops, shop, nicolae_for_you_no_charge
Elf:1:    serial_shops, shop, kennysheep_underground_church,
          hangedman_elf_targetted_burst
Elf:2:    serial_shops, bzr_entry_dummy
Elf:3:    minmay_elf_hall_dome, minivault_25, uniq_roxanne, uniq_donald
Vaults:1: nicolae_vaults_an_arrangement, vaults_room_stairs_pillars,
          nicolae_vaults_theta, nicolae_vaults_angled_halls,
          grunt_vaults_hallway_long, ontoclasm_vaults_eye, v_misc_19, v_misc_19,
          grunt_vaults_swirl
Vaults:2: nicolae_vaults_shelves_hall, vaults_room_grunt_arrival_checkpoint,
          ontoclasm_vaults_loading_screen, ontoclasm_vaults_decontamination,
          v_pattern_2, nicolae_vaults_hallways_thing, vaults_dpeg_hooks,
          nicolae_vaults_little_squares_5, v_alt_pattern_1,
          hangedman_vaults_nails, ontoclasm_vaults_spin, vaults_dpeg_diagonal
Vaults:3: vaults_mumra_lcd, vaults_mumra_chevron, hangedman_vaults_cutoff,
          minmay_crypt_entry_simple_round, nicolae_vaults_triangles,
          hangedman_vaults_pinch, nicolae_vaults_know_your_exits,
          vaults_room_fours, hangedman_vaults_nails, grunt_vaults_funnel,
          ontoclasm_vaults_twist, grunt_vaults_hallway_short, serial_shops,
          shop, shop, nicolae_shop_competitors_out_of_business
Vaults:4: v_misc_10, v_misc_16, v_alt_pattern_3, st_squares,
          nicolae_vaults_circle_grid_b, nicolae_vaults_shelves_hall,
          vaults_mumra_hexcomb, v_pattern_1, nicolae_vaults_diagonal_hallway_8,
          vaults_room_door_ring, v_rooms_3, nicolae_vaults_border_crossing,
          vaults_dpeg_cross, serial_shops, shop_statue, uniq_mara, uniq_sojobo
Crypt:1:  grunt_ministairs_6, item_on_display_a, grunt_crypt_arrival_split,
          uniq_jorgrun
Crypt:2:  glass_columns_a, lemuel_mausoleum_altar_kikubaaqudgha, lemuel_elevator
Crypt:3:  quadcrypt_mu
Tomb:2:   uniq_khufu
Depths:1: cross_vault, lightli_too_deep, minmay_misc_feat_plants,
          small_chamber_with_monster, nemelex_diamond_rough_becter
Depths:2: nooodl_heptagram, evilmike_ruin_ashenzari,
          hangedman_tar_grid_catacomb, infiniplex_staircase_river
Depths:3: minmay_two_paths, enter_ziggurat_f, hell_entry, pan_entry,
          hangedman_abyss_or_decor_stagger
Depths:4: hangedman_hanging_gardens, minmay_misc_feat_rows,
          abyss_entry_flame_altar, hell_entry, wad_rectangle_vault, uniq_boris
Depths:5: grunt_zot_entry_bicorn, hell_entry, rand_demon_pan_entry_5,
          hangedman_abyss_or_decor_clamps, lemuel_flamethrower_2
Zot:1:    grunt_megastairs_1
Abyss:3:  small_statue_intersection, minivault_1, abyss_fake_exit,
          evilmike_abyss_exit_5
Abyss:4:  due_exit_kobolds, abyss_furniture_001
Lab:      labyrinth_mini_lab, nicolae_lab_starburst, nicolae_lab_do_over,
          nicolae_lab_stuck, labyrinth_lava_lair, nicolae_lab_garden,
          nicolae_lab_grate
Bazaar:   bazaar_minmay_generic_island
Trove:    trove_simple
IceCv:    ice_cave_caverns_02

Notes
Turn   | Place    | Note
--------------------------------------------------------------
     0 | D:1      | GrosslyIncandescent the Mummy Monk began the quest for the Orb.
     0 | D:1      | Reached XP level 1. HP: 18/18 MP: 1/1
   123 | D:1      | Reached XP level 2. HP: 18/24 MP: 2/2
   719 | D:1      | Reached skill level 4 in Unarmed Combat
   878 | D:1      | Reached XP level 3. HP: 16/29 MP: 3/3
  1442 | D:2      | Noticed Natasha
  1449 | D:2      | Killed Natasha
  1626 | D:2      | Reached XP level 4. HP: 24/35 MP: 4/4
  1775 | D:2      | Noticed Natasha
  1785 | D:2      | Killed Natasha
  2157 | D:2      | Noticed Natasha
  2169 | D:2      | Killed Natasha
  2169 | D:2      | Reached skill level 5 in Unarmed Combat
  2464 | D:2      | Reached XP level 5. HP: 19/41 MP: 5/5
  3076 | D:3      | Noticed Robin
  3152 | D:2      | Killed Robin
  4181 | D:3      | Reached skill level 4 in Fighting
  5134 | D:3      | Found an ancient bone altar of Kikubaaqudgha.
  5169 | D:3      | Reached XP level 6. HP: 40/50 MP: 6/6
  5273 | D:3      | Reached skill level 5 in Fighting
  5907 | D:4      | Reached skill level 3 in Dodging
  6261 | D:4      | Found a staircase to the Ecumenical Temple.
  6406 | D:5      | Entered Level 5 of the Dungeon
  6957 | D:5      | Reached XP level 7. HP: 36/56 MP: 4/7
  7043 | D:5      | Reached skill level 4 in Dodging
  7850 | D:5      | Reached skill level 6 in Unarmed Combat
  8475 | D:5      | Reached skill level 7 in Unarmed Combat
  8475 | D:5      | Reached XP level 8. HP: 24/62 MP: 5/8
  9124 | D:4      | Found a staircase to the Ecumenical Temple.
 10133 | D:6      | Noticed Sigmund
 10589 | D:6      | Found a glowing silver altar of Zin.
 10952 | D:7      | Noticed yogakurto's ghost (novice SpGl)
 11179 | D:6      | Reached skill level 8 in Unarmed Combat
 12314 | D:8      | Got a steaming scale mail
 12329 | D:8      | Got a steaming chain mail
 12367 | D:8      | Reached skill level 6 in Fighting
 12603 | D:8      | Reached skill level 7 in Fighting
 12835 | D:8      | You fall through a shaft!
 13253 | D:6      | HP: 6/67 [killer bee (5)]
 13674 | D:8      | HP: 3/67 [killer bee (9)]
 13862 | D:9      | Reached XP level 9. HP: 27/73 MP: 5/9
 14282 | D:9      | Reached skill level 8 in Fighting
 14447 | D:9      | Reached skill level 5 in Dodging
 14496 | D:9      | Found a staircase to the Lair.
 14657 | D:9      | Noticed Gastronok
 14659 | D:9      | Noticed Prince Ribbit
 15395 | D:8      | Reached skill level 6 in Dodging
 15728 | D:8      | Reached skill level 7 in Dodging
 15892 | D:8      | Noticed Pikel
 16507 | D:8      | Killed Pikel
 16507 | D:8      | Reached XP level 10. HP: 55/80 MP: 8/10
 17419 | D:6      | Killed Sigmund
 17419 | D:6      | Reached skill level 9 in Unarmed Combat
 17932 | D:9      | Found a snail-covered altar of Cheibriados.
 18113 | D:9      | Found a staircase to the Lair.
 18490 | D:10     | Entered Level 10 of the Dungeon
 18494 | D:10     | Got a faintly glowing chain mail
 18560 | D:10     | Noticed a hill giant
 18605 | D:8      | Killed Prince Ribbit
 18605 | D:8      | Reached skill level 10 in Unarmed Combat
 19325 | D:9      | Found a snail-covered altar of Cheibriados.
 19689 | D:10     | Noticed yogakurto's ghost (journeyman MiWz)
 19754 | Lair:1   | Entered Level 1 of the Lair of Beasts
 19999 | D:9      | Reached skill level 9 in Fighting
 20297 | Lair:1   | Noticed a five-headed hydra
 20331 | Lair:1   | Noticed a four-headed hydra
 20333 | Lair:1   | Found a dark tunnel.
 21193 | Lair:1   | Noticed a spiny frog
 21224 | Lair:1   | Killed a spiny frog
 21224 | Lair:1   | Reached skill level 10 in Fighting
 21224 | Lair:1   | Reached XP level 11. HP: 62/90 MP: 11/11
 21256 | Lair:1   | Reached skill level 8 in Dodging
 21720 | Lair:2   | Noticed Sonja
 21732 | Lair:2   | Killed Sonja
 21930 | Lair:2   | HP: 6/90 [yak (9)]
 22014 | Lair:2   | Reached skill level 9 in Dodging
 22972 | Lair:2   | Noticed a four-headed hydra
 23181 | Lair:2   | Reached skill level 10 in Dodging
 23973 | Lair:2   | Noticed a five-headed hydra
 24101 | Lair:1   | Killed a four-headed hydra
 24745 | Lair:3   | Reached skill level 11 in Unarmed Combat
 25288 | Lair:2   | Reached XP level 12. HP: 58/98 MP: 8/12
 25683 | Lair:3   | Reached skill level 11 in Fighting
 25933 | Lair:3   | Found a hole to the Spider Nest.
 26062 | Lair:3   | Noticed a six-headed hydra
 26440 | Lair:3   | Noticed an eight-headed hydra
 26835 | Lair:4   | Noticed a six-headed hydra
 26962 | Lair:4   | Found a staircase to the Swamp.
 26970 | Lair:4   | >swamp and spider
 26970 | Lair:4   | just fuck my shit up
 28292 | Lair:5   | Noticed a four-headed hydra
 28971 | D:9      | HP: 7/100 [Gastronok (26)]
 28972 | D:9      | Killed Gastronok
 28972 | D:9      | Reached skill level 12 in Unarmed Combat
 29426 | D:9      | Killed a four-headed hydra
 29555 | D:9      | Found a snail-covered altar of Cheibriados.
 30387 | D:10     | Killed yogakurto's ghost
 30757 | D:7      | Killed yogakurto's ghost
 31286 | D:10     | Found a portal to a secret trove of treasure.
 31433 | D:10     | Gained mutation: You are in touch with the powers of death. [Mummy growth]
 31433 | D:10     | Gained mutation: You can restore your body by infusing magical energy. [Mummy growth]
 31433 | D:10     | Reached XP level 13. HP: 106/106 MP: 13/13
 31699 | D:10     | Found Byossas's Book Shoppe.
 32213 | D:10     | Reached skill level 12 in Fighting
 32587 | D:11     | Found a staircase to the Orcish Mines.
 32609 | D:11     | Found a roughly hewn altar of Beogh.
 32871 | D:11     | Reached skill level 11 in Dodging
 33851 | D:12     | Found a labyrinth entrance.
 33917 | Lab      | Entered a labyrinth
 34115 | Lab      | Noticed a minotaur
 34183 | Lab      | Got a faintly glowing shortbow
 34184 | Lab      | Got a slimy plate armour
 36101 | D:13     | Reached skill level 2 in Stealth
 36260 | D:13     | Reached skill level 3 in Stealth
 36426 | D:13     | Reached skill level 4 in Stealth
 37180 | D:13     | Reached skill level 5 in Stealth
 37914 | D:13     | Reached skill level 13 in Unarmed Combat
 38364 | D:13     | Got an aquamarine-encrusted ring mail
 38376 | D:13     | Found a gate to the Vaults.
 38526 | D:13     | Found Ruuxzyme's Antique Weapon Boutique.
 38931 | D:14     | Reached XP level 14. HP: 109/115 MP: 14/14
 39132 | D:14     | HP: 8/116 [red ugly thing (33)]
 40594 | D:14     | Reached skill level 13 in Fighting
 40614 | D:14     | Reached skill level 12 in Dodging
 41095 | D:14     | Found a deep blue altar of Sif Muna.
 41195 | D:14     | Found a glowing golden altar of the Shining One.
 41252 | D:15     | Entered Level 15 of the Dungeon
 41300 | D:15     | Identified a scroll of acquirement
 41304 | D:15     | Got a pair of faintly humming gloves
 41315 | D:15     | Identified the +1 pair of gloves of Honesty {-Tele MR+ Slay+2} (You acquired it on level 15 of the Dungeon)
 41315 | D:15     | literally shit not even good for elf
 41372 | D:15     | Found a frozen archway.
 41833 | IceCv    | Entered an ice cave
 43410 | IceCv    | Noticed a frost giant
 44660 | IceCv    | hmm
 44937 | IceCv    | I am not going to punch
 46192 | Lair:1   | Reached skill level 14 in Unarmed Combat
 47498 | Lair:3   | Found a hole to the Spider Nest.
 48870 | Lair:5   | Got an ancient flail
 49335 | Lair:4   | Got a steaming falchion
 49692 | Lair:6   | Reached XP level 15. HP: 125/125 MP: 15/15
 49936 | Lair:6   | Reached skill level 14 in Fighting
 50385 | Lair:6   | Reached skill level 13 in Dodging
 51410 | Lair:6   | that's retarded and you know it
 52075 | Lair:7   | Got a brightly glowing cloak
 52086 | Lair:7   | Identified the +1 cloak "Tukhlab" {Str+6 Int+2 Dex+2} (You acquired it on level 7 of the Lair of Beasts)
 52086 | Lair:7   | Hmm
 52973 | Lair:7   | Found a stormy altar of Qazlal.
 52995 | Lair:7   | Reached skill level 6 in Stealth
 53147 | Lair:8   | Entered Level 8 of the Lair of Beasts
 53654 | Lair:8   | Found a staircase to the Slime Pits.
 53657 | Lair:8   | Found a viscous altar of Jiyva.
 53926 | Lair:8   | Got a fine jade ring
 53928 | Lair:8   | Identified the cursed ring of Dim Light {*Contam rPois rF+++ Int-3 Stlth+} (You found it on level 8 of the Lair of Beasts)
 53929 | Lair:8   | i
 53929 | Lair:8   | I'm cry
 54413 | Lair:8   | Reached skill level 7 in Stealth
 56994 | Lair:8   | Found a viscous altar of Jiyva.
 56994 | Lair:8   | Found a staircase to the Slime Pits.
 58045 | Lair:3   | Found a hole to the Spider Nest.
 58818 | Orc:1    | Entered Level 1 of the Orcish Mines
 59286 | Orc:2    | Entered Level 2 of the Orcish Mines
 59694 | Orc:1    | Reached skill level 15 in Unarmed Combat
 59887 | Orc:2    | Found Lerch's General Store.
 59887 | Orc:2    | Found Faofess's Magic Scroll Shoppe.
 60255 | Orc:2    | Bought a scroll of teleportation for 45 gold pieces
 60255 | Orc:2    | Bought a scroll of silence for 112 gold pieces
 60255 | Orc:2    | Bought a scroll of blinking for 112 gold pieces
 60255 | Orc:2    | Bought a scroll of fear for 52 gold pieces
 60264 | Orc:2    | Bought a scroll of fear for 63 gold pieces
 60517 | Orc:1    | Found Saug's Food Shoppe.
 60530 | Orc:2    | Found a roughly hewn altar of Beogh.
 60843 | Orc:2    | Found Terr's Quality Used Wands.
 60885 | Orc:2    | Found a staircase to the Elven Halls.
 60956 | Orc:2    | Found Oduo's Jewellery Boutique.
 60981 | Orc:2    | Bought a +4 ring of protection for 432 gold pieces
 60981 | Orc:2    | Bought an uncursed amulet of regeneration for 360 gold pieces
 61122 | Orc:2    | Found Amiutyts's Jewellery Shop.
 61122 | Orc:2    | Found Innorogh's Weapon Shoppe.
 61375 | Orc:1    | Noticed an orc warlord
 61421 | Orc:2    | Killed an orc warlord
 61985 | Orc:2    | Reached XP level 16. HP: 134/134 MP: 16/16
 62507 | Orc:1    | Got a polished dagger {freeze}
 62677 | Spider:1 | Entered Level 1 of the Spider Nest
 62715 | Spider:1 | TRAPS
 62715 | Spider:1 | AND
 62715 | Spider:1 | DOORS
 62914 | Lair:3   | Reached skill level 15 in Fighting
 63684 | Spider:1 | Reached skill level 14 in Dodging
 64169 | Spider:1 | HP: 7/136 [jumping spider (19)]
 65423 | Spider:2 | Noticed Wiglaf
 65465 | Spider:2 | Noticed Arachne
 65602 | Spider:2 | oooh
 65602 | Spider:2 | yeah they hiss
 65740 | Swamp:1  | Entered Level 1 of the Swamp
 66596 | Spider:2 | oh come on
 66700 | Spider:1 | should've trained traps and doors
 67631 | D:14     | Noticed Azrael
 67681 | D:14     | Killed Azrael
 67682 | D:14     | Praise the sun
 67682 | D:14     | demon
 67918 | D:15     | Reached skill level 15 in Dodging
 68129 | D:15     | Found Utsok's Book Boutique.
 69004 | D:15     | Found a staircase to the Depths.
 69272 | Depths:1 | Entered Level 1 of the Depths
 69273 | Depths:1 | yeah
 69273 | Depths:1 | yeah no
 69325 | D:15     | alright so
 69325 | D:15     | it's either slime withour rcorr
 69325 | D:15     | elf without a large shield of reflection and 28 EV
 69325 | D:15     | FUCKING SWAMP
 69325 | D:15     | or spider with wiglaf staircamping and arachne too
 69325 | D:15     | yeah fuck me
 69629 | Spider:2 | Noticed Kidiri's ghost (journeyman DsCK)
 69950 | Spider:2 | Killed Kidiri's ghost
 70933 | Spider:2 | yus
 71377 | Spider:3 | Reached XP level 17. HP: 135/142 MP: 17/17
 72261 | Spider:3 | I mean
 72261 | Spider:3 | what could ever go wrong
 72293 | Spider:3 | Reached skill level 16 in Unarmed Combat
 73481 | Spider:4 | Entered Level 4 of the Spider Nest
 74008 | Spider:4 | But why
 75002 | Spider:4 | this is my square
 75002 | Spider:4 | I will stay here
 75123 | Spider:3 | Reached skill level 16 in Fighting
 75451 | Spider:3 | oh
 75771 | Lair:3   | That's it for tonight
 75771 | Lair:3   | good mumos
 75771 | Lair:3   | Upgraded the game from 0.18-a0-1539-g1c7284a to 0.18-a0-1542-g9c1a92e
 76438 | Spider:4 | fuckng sparkplugs
 76771 | Spider:4 | Got a pair of transparent gloves
 76782 | Spider:4 | Identified the +0 pair of gloves of the Pleiades {Str+8 Dex+2} (You acquired it on level 4 of the Spider Nest)
 76782 | Spider:4 | AAA
 76782 | Spider:4 | A
 76782 | Spider:4 | AAA
 77265 | Spider:4 | Reached skill level 16 in Dodging
 78597 | Spider:4 | I fucking hate orb spiders without a shield
 80666 | Spider:4 | Reached XP level 18. HP: 72/151 MP: 18/18
 81218 | Spider:4 | Reached skill level 17 in Unarmed Combat
 81553 | Spider:4 | A vault worhy of the pharaoh
 82209 | Spider:4 | This vault was made for me
 82220 | Spider:4 | Got a gossamer rune of Zot
 82221 | Spider:4 | Rune 1 Get
 83268 | Vaults:1 | Entered Level 1 of the Vaults
 83611 | Vaults:1 | Reached skill level 17 in Fighting
 84552 | Vaults:1 | I HATE LARGE OPEN SPACES
 86092 | Vaults:1 | Reached skill level 8 in Stealth
 87628 | Vaults:1 | Reached XP level 19. HP: 161/161 MP: 19/19
 88697 | Vaults:2 | DOES ANYONE HERE HAVE A SHIELD
 88849 | Vaults:2 | Reached skill level 18 in Unarmed Combat
 90096 | Vaults:3 | Found Ypsuli's General Store.
 90160 | Vaults:3 | Bought a scroll of fear for 45 gold pieces
 90160 | Vaults:3 | Bought a scroll of immolation for 45 gold pieces
 90160 | Vaults:3 | Identified the +4 ring mail of Lugonu's Castigation {rCorr} (You found it on level 13 of the Dungeon)
 90161 | Vaults:3 | Identified the +4 chain mail "Vubo Uni" {rC++} (You found it on level 10 of the Dungeon)
 90162 | Vaults:3 | Identified the +2 plate armour of the Saviour {+Fly, LabyLoot} (You found it in a labyrinth)
 90163 | Vaults:3 | Identified the +10 chain mail of the Tundras {Int+8 Dex-2 SInv Stlth+} (You found it on level 8 of the Dungeon)
 90164 | Vaults:3 | Identified the +4 scale mail "Ischioz" {Int+3} (You found it on level 8 of the Dungeon)
 90169 | Vaults:3 | Identified the +11 shortbow "Suvyroto" {velocity, rC+, Labyloot} (You found it in a labyrinth)
 90170 | Vaults:3 | Identified the +10 dagger of Eternal Vigilance {freeze, *Corrode rElec rF+ Dex+4, Minty fresh minotaur loot} (You took it off a minotaur on level 1 of the Orcish Mines)
 90171 | Vaults:3 | Identified the +7 flail of Jija {crush, rElec} (You found it on level 5 of the Lair of Beasts)
 90172 | Vaults:3 | Identified the cursed +3 falchion of Duhodgh {freeze, +Inv Dex+4} (You found it on level 4 of the Lair of Beasts)
 90359 | Vaults:3 | Found Qetamiy's Food Boutique.
 90400 | Vaults:2 | Reached skill level 18 in Fighting
 90907 | Vaults:2 | Reached skill level 17 in Dodging
 92309 | Vaults:3 | Found Dinailan's Gadget Boutique.
 92367 | Vaults:3 | Found a staircase to the Crypt.
 93073 | Vaults:3 | Reached XP level 20. HP: 132/170 MP: 20/20
 93158 | Vaults:3 | Reached skill level 18 in Dodging
 94332 | Vaults:4 | Noticed Mara
 94529 | Vaults:4 | It's vaults 4
 94529 | Vaults:4 | who's dick do I have to suck to get a goddamn shield in this game
 94589 | Vaults:4 | Found Jiukab's Antique Weapon Shop.
 94593 | Vaults:4 | Noticed Sojobo
 95086 | Vaults:3 | welp
 95086 | Vaults:3 | time for elf
 95405 | Elf:1    | Entered Level 1 of the Elven Halls
 95555 | Orc:2    | I had to get to goddamn elf to get a buckler
 95555 | Orc:2    | not even a real shield
 95870 | Elf:1    | Reached skill level 1 in Shields
 96125 | Elf:1    | Reached skill level 2 in Shields
 96269 | Elf:1    | Found Joroonekk's Food Boutique.
 96545 | Elf:1    | Reached skill level 3 in Shields
 96742 | Elf:1    | Reached skill level 4 in Shields
 97260 | Elf:1    | Reached skill level 19 in Unarmed Combat
 97348 | Elf:2    | Found a flickering gateway to a bazaar.
 97371 | Bazaar   | Entered a bazaar
 97371 | Bazaar   | Found Liafel's Armour Emporium.
 97371 | Bazaar   | Found Ujifet's Antique Armour Shoppe.
 97371 | Bazaar   | Found Urphoiv's Antique Armour Shop.
 97373 | Bazaar   | Found Qiuts's Antique Weapon Shoppe.
 97373 | Bazaar   | Found Acsubaf's Food Boutique.
 97389 | Bazaar   | Bought a pair of embroidered boots for 135 gold pieces
 97399 | Bazaar   | good for swamp
 97424 | Bazaar   | Bought the +1 pair of gloves "Kodd" {+Inv rF+ MP+9 Stlth-} for 523 gold pieces
 97501 | Elf:2    | Got a scorched ivory ring
 97502 | Elf:2    | Identified the ring "Uffugos" {Fire *Confuse rElec Stlth+} (You found it on level 2 of the Elven Halls)
 98299 | Elf:2    | Found a runed gate.
 98299 | Elf:2    | Found a runed gate.
 98300 | Elf:2    | Found a runed gate.
 98712 | Elf:2    | Found a runed gate.
 98712 | Elf:2    | Found a runed gate.
 98713 | Elf:2    | Found a runed gate.
 98781 | Elf:3    | Entered Level 3 of the Elven Halls
 98837 | Elf:3    | Noticed Roxanne
 99220 | Elf:3    | Got a crude dagger
 99221 | Elf:3    | Identified the +5 dagger of the Poles {venom, rF+} (You found it on level 3 of the Elven Halls)
 99411 | Elf:3    | Noticed Donald
 99500 | Elf:2    | Killed Donald
 99983 | Lair:2   | Reached skill level 19 in Fighting
102280 | Lair:7   | Found a stormy altar of Qazlal.
102608 | Lair:8   | Found a viscous altar of Jiyva.
102608 | Lair:8   | Found a staircase to the Slime Pits.
103257 | Lair:8   | Reached skill level 5 in Shields
103257 | Lair:8   | Reached XP level 21. HP: 171/180 MP: 21/21
103714 | Spider:1 | Killed Wiglaf
104215 | Spider:2 | Killed Arachne
104215 | Spider:2 | Reached skill level 6 in Shields
105179 | Swamp:1  | Reached skill level 7 in Shields
106519 | Swamp:3  | Reached skill level 8 in Shields
106969 | Swamp:3  | boots of flying: literally ezmode
107418 | Swamp:4  | Entered Level 4 of the Swamp
107667 | Swamp:3  | Reached skill level 9 in Shields
108188 | Swamp:4  | Reached skill level 10 in Shields
108219 | Swamp:4  | Got a decaying rune of Zot
109017 | Lair:1   | how do I make a note here
109017 | Lair:1   | well, let's put it like this "you take off your boots of flaying".
109017 | Lair:1   | "You hear a sizzling splash".
110848 | Elf:3    | Reached skill level 11 in Shields
111654 | Elf:2    | Found a runed gate.
111654 | Elf:2    | Found a runed gate.
111655 | Elf:2    | Found a runed gate.
112432 | Elf:2    | Reached skill level 12 in Shields
112448 | Elf:3    | Reached XP level 22. HP: 187/187 MP: 22/22
112453 | Elf:3    | Got a warped trident {flame}
112661 | Elf:3    | BRRRRRROTHER
112888 | Elf:3    | Killed Roxanne
114145 | Elf:3    | Elf cleared
114430 | Elf:3    | Assisted suicide
115257 | Vaults:4 | Reached skill level 13 in Shields
116976 | D:15     | Reached skill level 14 in Shields
117246 | Depths:1 | Found a gateway to Hell.
117420 | Depths:1 | Found a sparkling altar of Nemelex Xobeh.
118229 | Depths:1 | tabtabtabtabtab
118906 | Depths:1 | Reached skill level 15 in Shields
120187 | Depths:2 | Reached XP level 23. HP: 173/194 MP: 23/23
120901 | Depths:2 | Found a shattered altar of Ashenzari.
120924 | Depths:2 | Reached skill level 20 in Unarmed Combat
121747 | Depths:2 | Found a shattered altar of Ashenzari.
123121 | Depths:3 | Found a gateway to a ziggurat.
123651 | Depths:3 | WHAT UP
123651 | Depths:3 | HIT THAT MOTHERFUCKING SUN
123734 | Depths:3 | Noticed a juggernaut
123785 | Depths:3 | Reached skill level 19 in Dodging
124073 | Depths:3 | Killed a juggernaut
124076 | Depths:3 | I AM THE GRAND MASTER
124279 | Depths:3 | Found a one-way gate leading to the halls of Pandemonium.
124422 | Depths:3 | Reached skill level 9 in Stealth
125121 | Depths:3 | CASO UMANO
125356 | Depths:3 | Reached skill level 10 in Stealth
125726 | Depths:4 | Noticed Boris
126050 | Depths:4 | Found a corrupted altar of Lugonu.
126050 | Depths:4 | Found a one-way gate to the infinite horrors of the Abyss.
126153 | Depths:4 | Killed Boris
126159 | Depths:4 | Reached skill level 11 in Stealth
126530 | Depths:4 | Reached XP level 24. HP: 154/201 MP: 23/23
128074 | Depths:4 | Reached skill level 20 in Fighting
128270 | Depths:4 | Got a brightly glowing robe
128271 | Depths:4 | Identified the +1 robe "Ataunib" {-Tele rElec Int+8} (You found it on level 4 of the Depths)
128725 | Depths:5 | Entered Level 5 of the Depths
129728 | Depths:5 | Reached skill level 20 in Dodging
130517 | Depths:5 | Found a gate to the Realm of Zot.
131983 | Crypt:1  | Entered Level 1 of the Crypt
132089 | Crypt:1  | Noticed Jorgrun
132109 | Crypt:1  | Killed Jorgrun
132109 | Crypt:1  | Reached XP level 25. HP: 210/210 MP: 23/23
132723 | Crypt:1  | Reached skill level 21 in Unarmed Combat
133589 | Crypt:3  | Entered Level 3 of the Crypt
133651 | Crypt:2  | oooh
134006 | Crypt:2  | hahaha
134517 | Crypt:2  | Found an ancient bone altar of Kikubaaqudgha.
135040 | Crypt:3  | Reached skill level 21 in Fighting
135830 | Crypt:3  | I mean
135830 | Crypt:3  | how bad can dispel undead be
136426 | Crypt:3  | Found a staircase to the Tomb.
136426 | Crypt:3  | Noticed an ancient lich
136711 | Crypt:3  | Got a translucent mace {crush}
136712 | Crypt:3  | Identified the +8 mace of the Unseen Realm {crush, rN+} (You took it off a vampire mage on level 3 of the Crypt)
136714 | Crypt:3  | Identified the cursed +1 trident "Newt's Funeral" {flame, Dex+4, So long and thanks for all the elves} (You took it off a deep elf death mage on level 3 of the Elven Halls)
136757 | Crypt:3  | Noticed an ancient lich
136818 | Crypt:3  | oh come ON
136991 | Crypt:3  | Killed an ancient lich
137027 | Crypt:3  | Killed an ancient lich
137503 | Crypt:3  | Got a coiled pewter ring
137503 | Crypt:3  | Got a sparkling turquoise ring
137504 | Crypt:3  | Identified the ring "Ideopued" {+Blink rC+ rN+ Int+3 Dex-4} (You found it on level 3 of the Crypt)
137505 | Crypt:3  | Identified the ring of Winek {rC+ rN+ MP+9 Str+7 Int-3} (You found it on level 3 of the Crypt)
137647 | Crypt:3  | Got a clouded glass ring
137648 | Crypt:3  | Identified the ring "Pies" {*Tele *Drain +Blink Dex+4} (You found it on level 3 of the Crypt)
137748 | Crypt:3  | Reached skill level 21 in Dodging
137928 | Crypt:1  | time for abyss
138362 | Depths:4 | nah
138363 | Depths:4 | Voluntarily entered the Abyss.
138623 | Abyss:3  | oh
138988 | Abyss:3  | Reached skill level 12 in Stealth
139151 | Abyss:3  | heh
139151 | Abyss:3  | that's new
139250 | Abyss:3  | Found a corrupted altar of Lugonu.
139609 | Abyss:3  | come on buddy
139609 | Abyss:3  | where's the rune
140127 | Abyss:3  | oh no
140177 | Abyss:3  | oh NO
140177 | Abyss:3  | Paralysed by accursed screaming for 1 turns
140330 | Abyss:3  | Gained mutation: You are strongly in touch with the powers of death. [Mummy growth]
140330 | Abyss:3  | Reached XP level 26. HP: 198/216 MP: 22/22
140432 | Abyss:3  | eh
140432 | Abyss:3  | I can do it later
140433 | Depths:4 | Escaped the Abyss
140508 | Depths:4 | Voluntarily entered the Abyss.
140545 | Abyss:1  | Reached skill level 13 in Stealth
140582 | Abyss:1  | I'm sorry is this abyss 1 or abyss 5
140856 | Abyss:3  | Found a corrupted altar of Lugonu.
140999 | Abyss:3  | it could be horribly wrong
140999 | Abyss:3  | it could also be better
141000 | Abyss:4  | Found a corrupted altar of Lugonu.
141002 | Abyss:4  | WHAT
141002 | Abyss:4  | ARE YOU SERIOUS
141002 | Abyss:4  | when the hell did this happen
141177 | Abyss:4  | oh shit.
141235 | Depths:4 | Escaped the Abyss
141272 | Depths:4 | Voluntarily entered the Abyss.
141286 | Depths:4 | Escaped the Abyss
141290 | Depths:4 | Voluntarily entered the Abyss.
141824 | Abyss:3  | yep
141824 | Abyss:3  | my bad
141975 | Abyss:3  | oh man
141975 | Abyss:3  | I REALLY wish I hadn't thrown those boots of flying in lava now
141994 | Abyss:3  | alright abyss
141994 | Abyss:3  | now give me the REAL vault
141994 | Abyss:3  | I know that was a trick
142228 | Abyss:3  | Got an abyssal rune of Zot
142229 | Abyss:3  | THREE NIGGAS
142229 | Abyss:3  | THREE
142229 | Abyss:3  | NIGGAS
142289 | Depths:4 | Escaped the Abyss
142448 | Depths:4 | goddamn
142540 | Zot:1    | Entered Level 1 of the Realm of Zot
143295 | Tomb:1   | Entered Level 1 of the Tomb of the Ancients
143444 | Tomb:1   | oh yeah
143444 | Tomb:1   | they do that
143457 | Tomb:1   | do't do that
143832 | Tomb:1   | oh my god why
143832 | Tomb:1   | what did they do to you bennu
143896 | Tomb:1   | it's okay
143896 | Tomb:1   | you're in a better place now
144124 | Tomb:1   | does she like
144124 | Tomb:1   | keep respawning
144325 | Tomb:1   | Paralysed by a sphinx for 4 turns
144665 | Tomb:1   | Noticed a greater mummy
144869 | Crypt:3  | Killed a greater mummy
144869 | Crypt:3  | Reached skill level 22 in Unarmed Combat
144916 | Tomb:1   | Noticed a greater mummy
145174 | Tomb:1   | Killed a greater mummy
145260 | Tomb:1   | Noticed a greater mummy
145476 | Crypt:3  | Killed a greater mummy
146724 | Tomb:2   | Noticed Khufu
146724 | Tomb:2   | Noticed a greater mummy
146725 | Tomb:2   | nothing says "welcome home" like tomb
146725 | Tomb:2   | "It was like I was being ganbanged"- satisfied mummy
146849 | Crypt:3  | I guess the only things that remain now are the big shit stoppers
146849 | Crypt:3  | I'll do zot
147551 | Zot:1    | Reached skill level 22 in Fighting
148380 | Zot:1    | oh
148380 | Zot:1    | eh
148781 | Zot:1    | nopenopenopenopenope
149094 | Depths:4 | can I just
149094 | Depths:4 | make a 3 rune mumo
149094 | Depths:4 | can I just go up now
149374 | Zot:1    | Reached XP level 27. HP: 231/231 MP: 21/21
149674 | Zot:1    | Reached skill level 22 in Dodging
151074 | Zot:2    | Got a sapphire-encrusted scale mail
151075 | Zot:2    | Identified the +6 scale mail of Devotion {+Fly Regen+ Int-3 Dex+3} (You found it on level 2 of the Realm of Zot)
151843 | D:10     | You paid a toll of a +3 gold dragon armour to enter a treasure trove
151844 | Trove    | Entered a treasure trove
151845 | Trove    | please
151845 | Trove    | please weapons only
151926 | Trove    | Got a twisted quarterstaff
151929 | Trove    | Got a fine longbow
151980 | D:10     | Identified the cursed +0 longbow of Starshine {venom, Str+4 Dex+2 SInv} (You found it in a treasure trove)
151981 | D:10     | Identified the +4 quarterstaff of the Scorpion {freeze, MP+9 Int+5} (You found it in a treasure trove)
152001 | D:10     | nah
152587 | Zot:2    | Reached skill level 23 in Unarmed Combat
152677 | Zot:3    | I strongly dislike these blinkdudes
153182 | Zot:3    | stop
153182 | Zot:3    | I SAID STOP
153564 | Zot:3    | goddamnit
153590 | Zot:3    | oh hey I thought I had died
153590 | Zot:3    | nice
153596 | Zot:3    | HP: 9/228 [black draconian/bolt of lightning (39)]
153596 | Zot:3    | Killed from afar by a black draconian

Vanquished Creatures
  2 ancient liches (Crypt:3)
  A juggernaut (Depths:3)
  3 greater mummies
  Boris (Depths:4)
  A caustic shrike (Depths:4)
  7 golden dragons
  5 bone dragons
  Arachne (Spider:2)
  4 liches
  Jorgrun (Crypt:1)
  8 tentacled monstrosities
  2 deep elf blademasters
  2 quicksilver dragons
  15 sphinxes
  4 tengu reavers
  Gastronok (D:9)
  6 tentacled starspawn
  3 death cobs
  3 ancient champions
  A revenant (Crypt:3)
  5 shadow dragons
  4 thorn hunters
  Roxanne (Elf:3)
  7 storm dragons
  3 draconian monks
  Donald (Elf:2)
  9 fire giants
  Wiglaf (Spider:1)
  15 frost giants
  A ghost moth (shapeshifter) (Depths:3)
  4 emperor scorpions
  8 deep elf sorcerers
  5 draconian knights
  The ghost of Kidiri the Fighter, a journeyman DsCK of Xom (Spider:2)
  9 vault wardens
  5 curse skulls
  3 ghost moths
  5 draconian scorchers
  4 draconian zealots
  A balrug (Depths:1)
  3 draconian annihilators
  An orc warlord (Orc:2)
  5 ghouls
  7 deep elf elementalists
  9 draconian shifters
  15 ironheart preservers
  2 draconian callers (Zot:2)
  3 spriggan defenders
  21 very ugly things
  3 war gargoyles (Crypt:3)
  26 stone giants
  2 reapers
  A salamander stormcaller (Vaults:2)
  5 deep elf demonologists
  10 green draconians
  3 red draconians
  10 black draconians
  5 vampire knights
  Azrael (D:14)
  10 deep elf annihilators
  A lorocyproca (Abyss:1)
  8 mottled draconians
  7 yellow draconians
  6 dire elephants (Lair:8)
  6 purple draconians
  4 bennus (Tomb:1)
  11 spark wasps
  A spark wasp (shapeshifter) (Depths:1)
  8 white draconians
  3 eidola
  A merfolk javelineer (Depths:2)
  A blizzard demon (Depths:5)
  4 deep elf death magi
  11 ettins
  14 vault guards
  13 great orbs of eyes
  23 fire dragons
  A merfolk impaler (Depths:1)
  A green death (Abyss:3)
  A minotaur (Orc:1)
  16 yaktaur captains
  8 mummy priests (Tomb:1)
  5 deep elf high priests
  8 jiangshi
  14 ogre magi
  The ghost of yogakurto the Nimble, a journeyman MiWz of Vehumet (D:10)
  9 rakshasas
  10 entropy weavers
  A naga warrior (Abyss:3)
  16 ice dragons
  A ghost crab (shapeshifter) (Abyss:2)
  10 spriggan air magi
  24 hydras
  2 ghost crabs (Swamp:2)
  12 centaur warriors
  An anaconda (Lair:8)
  5 catoblepae
  5 death knights
  7 deep troll shamans
  13 dancing weapons
  9 alligators
  8 tengu warriors
  15 deep troll earth magi
  8 orc high priests
  11 vampire magi
  13 thrashing horrors (Abyss:3)
  5 spriggan berserkers
  14 hell knights
  9 death yaks
  4 hell hogs
  3 sun demons
  30 deep elf knights
  Sonja (Lair:2)
  2 titan skeletons (Crypt:3)
  3 wretched stars
  2 shadow wraiths
  2 iron trolls
  9 death scarabs
  36 deep trolls
  31 skeletal warriors
  A spectral emperor scorpion (Spider:4)
  A fire crab (Vaults:2)
  7 flayed ghosts
  A spark wasp zombie (Depths:1)
  4 unseen horrors
  A ghost moth zombie (Abyss:3)
  4 spriggan druids
  2 wizards
  3 giant orange brains
  A deep troll (shapeshifter) (Vaults:2)
  2 shambling mangroves
  A sea snake (shapeshifter) (Depths:1)
  A golden dragon skeleton (Crypt:3)
  12 swamp dragons
  12 phantasmal warriors
  4 harpies
  A storm dragon skeleton (Crypt:3)
  12 ironbrand convokers
  2 lindwurms (Depths:4)
  Pikel (D:8)
  9 hill giants
  17 deep elf archers
  4 spectral wolf spiders (Spider:4)
  2 wolf spider zombies
  7 necromancers
  11 orc knights
  40 wolf spiders
  An anubis guard (shapeshifter) (D:13)
  2 orc sorcerers
  An iron dragon zombie (Crypt:1)
  The ghost of yogakurto the Nimble, a novice SpGl of Gozag (D:7)
  9 anubis guards (Tomb:1)
  15 hornets
  19 orb spiders
  An oklob plant (Lair:7)
  44 ugly things
  5 griffons
  2 cyclopes
  24 moths of wrath
  A stone giant zombie (Vaults:1)
  11 elephants
  A hornet (shapeshifter) (Vaults:3)
  A manticore (D:15)
  A frost giant zombie (Depths:1)
  12 large abominations
  70 deep elf magi
  A guardian serpent (Abyss:3)
  A stone giant skeleton (Crypt:3)
  10 fire giant skeletons
  An ice statue (IceCv)
  6 centaur zombies
  5 black mambas
  A water nymph (shapeshifter) (D:15)
  An eye of devastation (Abyss:3)
  A frost giant skeleton (Tomb:1)
  6 gargoyles
  A catoblepas zombie (Crypt:3)
  An orange demon (Abyss:3)
  18 vault sentinels
  7 centaur skeletons
  6 smoke demons (Abyss:3)
  4 human skeletons
  24 spiny frogs
  3 spectral redbacks (Spider:4)
  A storm dragon simulacrum (Abyss:3)
  2 rime drakes
  A kobold demonologist (D:13)
  2 efreet (Abyss:3)
  15 komodo dragons
  An alligator snapping turtle skeleton (Crypt:2)
  A sea snake skeleton (Crypt:1)
  An ancient zyme (Abyss:3)
  11 freezing wraiths
  3 redback zombies
  63 yaktaurs
  An ice devil (Depths:5)
  6 guardian mummies
  A hellwing (Abyss:3)
  14 demonic crawlers
  9 trolls
  A queen bee (D:8)
  A black draconian skeleton (Crypt:1)
  56 jumping spiders
  18 polar bears
  2 wind drakes (shapeshifter)
  A yaktaur skeleton (Vaults:1)
  A tengu conjurer (D:13)
  A red devil (Depths:5)
  8 giant leeches
  3 spectral tarantellas (Spider:4)
  A troll (shapeshifter) (Vaults:3)
  Prince Ribbit (D:8)
  21 two-headed ogres
  16 blink frogs
  A spectral hornet (Spider:4)
  13 bog bodies
  A tarantella zombie (Spider:4)
  15 raiju
  2 jumping spider zombies (Spider:4)
  3 ushabtiu (Tomb:1)
  2 spectral jumping spiders (Spider:4)
  9 boulder beetles
  A fire dragon zombie (Tomb:1)
  2 human simulacra
  37 slime creatures
  A hornet zombie (Spider:4)
  A redback (shapeshifter) (D:15)
  7 spriggans
  6 ynoxinuls
  9 fire dragon skeletons (Crypt:3)
  9 flying skulls
  12 small abominations
  A vampire (Abyss:3)
  16 wraiths
  11 air elementals
  7 shadows
  2 ettin skeletons
  Sigmund (D:6)
  158 redbacks
  51 tarantellas
  11 water elementals
  A yak (shapeshifter) (Vaults:4)
  3 wyverns
  A fire bat (shapeshifter) (D:15)
  3 basilisks
  10 fire elementals
  102 yaks
  9 hungry ghosts
  A basilisk (shapeshifter) (Depths:3)
  A hog (shapeshifter) (Depths:2)
  6 neqoxecs
  7 wargs
  3 chaos spawn
  A swamp worm (shapeshifter) (Depths:2)
  17 hippogriffs
  30 vampire mosquitoes
  A merfolk zombie (Crypt:2)
  3 nagas (Abyss:3)
  30 wolves
  10 insubstantial wisps
  2 mottled dragons
  11 swamp worms
  6 hell hounds
  23 water moccasins
  An ogre skeleton (Vaults:1)
  15 porcupines
  11 swamp drakes
  5 sky beasts
  2 slaves (D:8)
  A merfolk skeleton (Crypt:2)
  5 black bears
  A black bear (shapeshifter) (D:15)
  A fire dragon simulacrum (Vaults:1)
  30 orc warriors
  4 starcursed masses (Abyss:3)
  43 ogres
  18 wasps
  4 phantoms
  2 snapping turtle zombies (Crypt:3)
  2 eyes of draining
  A boggart (shapeshifter) (Abyss:3)
  3 ice beasts (D:9)
  3 necrophages (Crypt:2)
  4 boggarts
  15 crocodiles
  25 centaurs
  2 snapping turtle skeletons
  A crocodile (shapeshifter) (Depths:2)
  5 big kobolds
  26 giant frogs
  6 earth elementals
  A cyclops zombie (Crypt:2)
  2 elf skeletons (Crypt:2)
  A wyvern skeleton (D:13)
  7 scorpions
  A warg zombie (Crypt:2)
  2 water moccasin skeletons
  19 killer bees
  A howler monkey (D:4)
  35 wights
  2 vampire bats (D:3)
  2 electric eels
  4 crimson imps
  A wolf skeleton (Crypt:1)
  4 quasits
  A giant frog skeleton (D:7)
  2 human zombies (Crypt:2)
  10 jellies
  2 giant frog zombies
  40 orc priests
  4 hounds
  An iron imp (Abyss:2)
  12 iguanas
  21 orc wizards
  Natasha (thrice) (D:2)
  16 worker ants
  A killer bee zombie (D:9)
  30 sheep
  A demigod skeleton (Crypt:1)
  A dwarf skeleton (Crypt:1)
  3 hound skeletons
  A howler monkey zombie (D:8)
  21 mummies
  Robin (D:2)
  12 adders
  6 gnolls
  65 river rats
  A steam dragon zombie (Crypt:1)
  5 shadow imps
  A white imp (Abyss:2)
  14 oozes
  An adder zombie (D:7)
  A lava snake zombie (Crypt:2)
  3 adder skeletons
  An iguana skeleton (Crypt:2)
  3 worms
  2 dart slugs
  3 giant geckos
  107 orcs
  A ball python (D:7)
  4 bat skeletons (D:3)
  2 bat zombies (D:3)
  5 giant cockroaches
  12 hobgoblins
  17 jackals
  7 quokkas
  15 bats
  7 giant newts
  A giant newt zombie (Crypt:2)
  15 goblins
  2 jackal zombies
  30 kobolds
  An orc skeleton (Crypt:2)
  A quokka skeleton (D:7)
  A quokka zombie (D:8)
  10 rats
  2 briar patches (Swamp:4)
  4 fungi
  3 lost souls (Crypt:3)
  5 plants
  3 starspawn tentacles (Abyss:1)
  2 withered plants (Crypt:3)
3091 creatures vanquished.

Vanquished Creatures (others)
  2 deep elf master archers
  A fire giant (Depths:2)
  2 deep elf elementalists
  A deep elf annihilator (Elf:3)
  A deep elf high priest (Elf:1)
  A yaktaur captain (Depths:5)
  An ice dragon (Depths:5)
  A centaur warrior (D:15)
  A deep elf knight (Elf:3)
  A skeletal warrior (Tomb:1)
  A wizard (Depths:2)
  A deep elf mage (Elf:2)
  5 yaktaurs
  A boulder beetle (Lair:6)
  A blink frog (Swamp:3)
  A flying skull (Tomb:1)
  2 redbacks
  3 yaks (IceCv)
  A water elemental (Elf:1)
  An insubstantial wisp (Swamp:3)
  A water moccasin (Lair:8)
  A slave (D:8)
  An ogre (Depths:2)
  3 centaurs
  2 crimson imps (D:8)
  A quasit (Abyss:3)
  A worker ant (D:10)
  An ufetubus (Abyss:3)
  An orc (Vaults:3)
  A kobold (D:14)
  13 bushes
  8 demonic plants (Abyss:3)
  38 fungi
  4 lost souls (Crypt:3)
  2 lurking horrors (Abyss:3)
  67 plants
  45 starspawn tentacles
  701 starspawn tentacle segments
  28 withered plants (Crypt:3)
948 creatures vanquished.

Grand Total: 4039 creatures vanquished
